AoeStats
← hirax34

Fortress

510195932Analyzed
4v4 RM · 1d ago on Sep 29, 2026· 49m 3s· 8 players
Game mode
Random Map
Map size
Huge
Population
200
Speed
Normal
Resources
Standard
Victory
Conquest
Starting age
Dark Age
Ending age
Imperial Age
RankedLock teamsTeams togetherTeam positionsShared explorationLock speedFull tech treeHidden civsTurbo modeCheats
Victory
Defeat
🇹🇷 Bohemians · Türkiye
1331
+10
🇺🇸 Burgundians · United States
1277
+12
🇩🇪 Slavs · Germany
1272
+13
🇨🇳 Khmer · China
1225
+14
🇦🇷 Turks · Argentina
1254
-14
🇺🇾 Persians · Uruguay
1235
-14
🇨🇳 Britons · China
1178
-12
🇬🇹 Byzantines · Guatemala
1117
-9
whitewidow52
8:05 Feudal Age
9:35 Feudal Age
10:26 Double-Bit Axe
13:15 Castle Age
12:42 Horse Collar
14:50 Bow Saw
14:43 Heavy Plow
15:21 Wheelbarrow
14:33 Loom
17:13 Two-Man Saw
18:52 Loom
21:56 Heavy Plow
21:50 Gold Mining
23:48 Hand Cart
23:47 Stone Mining
24:56 Husbandry
25:52 Gold Shaft Mining
28:17 Imperial Age
26:01 Scale Barding Armor
26:07 Forging
28:31 Burgundian Vineyards
28:39 Cavalier
29:47 Chain Barding Armor
30:03 Iron Casting
29:30 Fletching
31:19 Chemistry
30:31 Masonry
30:18 Paladin
30:38 Elite Skirmisher
31:23 Padded Archer Armor
32:02 Plate Barding Armor
32:27 Bodkin Arrow
33:34 Blast Furnace
34:36 Light Cavalry
36:25 Leather Archer Armor
36:10 Bracer
35:58 Hussar
41:35 Conscription
45:52 Architecture
Ethan
1:18 Loom
2:18 Loom
9:01 Feudal Age
11:44 Castle Age
9:25 Horse Collar
9:39 Double-Bit Axe
12:27 Heavy Plow
13:05 Wheelbarrow
13:13 Wheelbarrow
15:10 Bow Saw
15:13 Stone Mining
15:14 Gold Mining
24:59 Imperial Age
24:50 Gold Shaft Mining
25:16 Hand Cart
25:28 Town Watch
26:07 Double Crossbow
27:54 Town Patrol
28:18 Elite Battle Elephant
29:00 Husbandry
29:11 Bloodlines
29:55 Fortified Wall
29:33 Heavy Scorpion
31:11 Padded Archer Armor
31:03 Fletching
31:26 Forging
31:21 Scale Barding Armor
32:40 Ballistics
32:32 Masonry
32:27 Siege Engineers
37:02 Iron Casting
37:41 Conscription
37:57 Light Cavalry
38:41 Hussar
41:11 Coinage
40:45 Caravan
41:18 Chain Barding Armor
42:53 Blast Furnace
41:49 Bodkin Arrow
43:52 Banking
43:33 Capped Ram
45:07 Siege Ram
[FUCKI] Obi-One Canboneme
9:01 Feudal Age
12:48 Castle Age
10:58 Double-Bit Axe
11:22 Horse Collar
11:36 Gold Mining
14:39 Bow Saw
15:19 Heavy Plow
17:05 Loom
19:22 Wheelbarrow
19:22 Stone Mining
20:38 Hand Cart
20:53 Forging
21:48 Detinets
22:48 Iron Casting
22:19 Scale Barding Armor
25:28 Chain Barding Armor
31:16 Imperial Age
31:21 Elite Boyar
33:32 Blast Furnace
33:08 Plate Barding Armor
33:25 Conscription
34:11 Chemistry
33:32 Ballistics
34:45 Siege Engineers
39:48 Heavy Scorpion
44:38 Fortified Wall
46:48 Hoardings
46:07 Capped Ram
47:07 Siege Ram
hirax34
8:20 Feudal Age
9:48 Loom
12:51 Castle Age
10:41 Double-Bit Axe
17:51 Imperial Age
17:05 Chemistry
30:38 Bow Saw
32:36 Two-Man Saw
37:28 Wheelbarrow
36:56 Town Watch
37:39 Siege Engineers
38:19 Conscription
39:08 Horse Collar
40:05 Houfnice
41:43 Wagenburg Tactics
45:31 Scale Mail Armor
45:42 Forging
44:56 Pikeman
45:36 Squires
49:52 Hand Cart
Jaffeth15
8:31 Feudal Age
13:11 Castle Age
12:05 Double-Bit Axe
12:01 Horse Collar
13:27 Loom
20:03 Heavy Plow
27:49 Imperial Age
25:56 Wheelbarrow
25:50 Bow Saw
26:49 Forging
26:45 Scale Barding Armor
26:59 Gold Mining
26:59 Stone Mining
28:09 Iron Casting
28:16 Ballistics
28:28 Hand Cart
29:36 Conscription
28:44 Onager
30:47 Gold Shaft Mining
30:47 Stone Shaft Mining
31:22 Crop Rotation
31:29 Chain Barding Armor
32:00 Elite Cataphract
33:49 Plate Barding Armor
33:58 Greek Fire
34:15 Logistica
35:53 Chemistry
35:42 Fletching
41:13 Treadmill Crane
43:59 Husbandry
43:20 Light Cavalry
44:25 Heavy Camel Rider
45:59 Hussar
48:54 Bodkin Arrow
Shadow Elaion
8:15 Feudal Age
7:21 Loom
9:04 Double-Bit Axe
11:59 Castle Age
15:26 Imperial Age
14:07 Horse Collar
27:23 Conscription
27:18 Heavy Plow
37:41 Husbandry
37:52 Bloodlines
39:04 Bloodlines
39:01 Scale Barding Armor
39:07 Forging
40:51 Chain Barding Armor
40:42 Forging
40:02 Heavy Camel Rider
44:28 Plate Barding Armor
BarbaNegra
5:18 Loom
7:16 Feudal Age
8:00 Double-Bit Axe
8:11 Horse Collar
12:49 Castle Age
16:13 Wheelbarrow
20:32 Bloodlines
20:23 Husbandry
21:24 Scale Barding Armor
22:58 Forging
29:06 Imperial Age
29:14 Cavalier
31:00 Chain Barding Armor
31:55 Town Watch
33:39 Chemistry
32:43 Savar
38:36 Conscription
38:31 Masonry
38:53 Murder Holes
39:28 Hand Cart
40:38 Iron Casting
40:46 Bow Saw
41:46 Plate Barding Armor
44:43 Heavy Camel Rider
乌兰巴托
8:54 Feudal Age
10:58 Double-Bit Axe
11:09 Gold Mining
11:07 Horse Collar
13:46 Castle Age
15:05 Loom
15:37 Bow Saw
15:30 Heavy Plow
16:10 Gold Shaft Mining
16:50 Fletching
17:37 Wheelbarrow
17:36 Stone Mining
19:41 Hand Cart
20:40 Bodkin Arrow
20:41 Town Watch
24:01 Padded Archer Armor
24:34 Yeomen
29:38 Imperial Age
28:11 Leather Archer Armor
28:23 Ballistics
30:19 Bracer
30:50 Ring Archer Armor
30:47 Forging
30:38 Scale Mail Armor
30:04 Pikeman
30:44 Squires
30:30 Arson
30:07 Elite Longbowman
31:08 Conscription
32:09 Chemistry
31:10 Halberdier
31:55 Warwolf
32:14 Siege Engineers
34:06 Chain Mail Armor
34:27 Iron Casting
35:36 Herbal Medicine
36:04 Masonry
36:29 Plate Mail Armor
37:02 Blast Furnace
38:52 Guilds
39:32 Man-at-Arms
39:58 Gambesons
40:56 Long Swordsman
41:29 Two-Handed Swordsman
42:25 Champion
Connection lost

Rejoining the realm…

Still unreachable

The connection could not be restored.

Session expired

The server has moved on; the page needs a fresh start.